 Seeded DCSS version 0.32-a0-38-gb04dd89b9b (webtiles) character file.

Game seed: 560841995258110699 (custom seed)

53 dacreux the Mimic (level 3, -3/33 HPs)
             Began as an Oni Shapeshifter on Jan 23, 2024.
             Succumbed to an adder's poison
             ... on level 2 of the Dungeon.
             The game lasted 00:01:25 (809 turns).

dacreux the Mimic (Oni Shapeshifter)                 Turns: 809, Time: 00:01:26

Health: -3/33      AC:  1    Str: 20    XL:     3   Next: 89%
Magic:  3/3        EV: 13    Int: 11    God:
Gold:   25         SH:  0    Dex:  8    Spells: 2/2 levels left

rFire   . .          .
                       - Unarmed
rCold   . . .        (shield currently unavailable)
rNeg    . . .        a - melded +0 animal skin
rPois   .            (helmet restricted)
rElec   .            (no cloak)
rCorr   .            (gloves unavailable)
SInv    .            (boots unavailable)
Will    .....        (no amulet)
Stlth   +            (no ring)
HPRegen 0.25/turn    (no ring)
MPRegen 0.08/turn

%: no passive effects
@: mighty, lethally poisoned (-3 -> -18), flux-form, glowing
A: glow, contaminating, large, unfitting armour, horns 1, tough skin 1, double
potion healing, drunken brawling
a: Begin Untransformation


You were on level 2 of the Dungeon.
You were something dangerously unstable.
You visited 1 branch of the dungeon, and saw 2 of its levels.

You collected 25 gold pieces.

Inventory:

Armour
 a - a +0 animal skin (melded)
Talismans
 c - a beast talisman
 d - a flux talisman (active)
Potions
 b - 2 potions of lignification
 e - a potion of degeneration {unknown}
 f - a potion of might


   Skills:
 - Level 1.3 Fighting
 - Level 1.9 Dodging
 + Level 2.7 Unarmed Combat
 * Level 10.4 Shapeshifting


You had 2 spell levels left.
You didn't know any spells.
Your spell library was empty.

Dungeon Overview and Level Annotations

Branches:
Dungeon (2/15)

Altars:


Innate Abilities, Weirdness & Mutations

You are something dangerously unstable.
You glow with magical radiation, making you easy to see and hit.
Foes you strike become dangerously contaminated with magical radiation.
You are incapable of wielding weapons or throwing items.
You are too large for most types of armour.
You have a pair of small horns on your head.
You have tough skin. (AC +1)
You gain doubled healing and magic from potions.
Whenever you drink a healing potion, you attack all around you.


Message History

You completely miss the adder.
The adder is moderately wounded.
You feel sick. The adder closely misses you. The quokka bites you.
You barely miss the adder. You headbutt the adder.
The adder is heavily wounded.
You feel sick. The adder barely misses you. The quokka bites you.
The adder closely misses you.
You are too injured to fight recklessly!
You are too injured to fight recklessly!
You are too injured to fight recklessly!
You closely miss the quokka.
You feel sick. The quokka barely misses you. The adder barely misses you.
You hit the quokka.
The quokka begins to glow.
The quokka is lightly wounded.
You feel sick. The quokka closely misses you. The adder barely misses you.
The quokka bites you.
You hit the quokka.
The quokka glows dangerously bright.
The quokka is moderately wounded.
You feel sick. The adder bites you.
* * * LOW HITPOINT WARNING * * *
You are more poisoned.
The adder poisons you! The quokka closely misses you.
* * * LOW HITPOINT WARNING * * *
You feel sick.
The adder stops glowing.
The adder barely misses you.
You closely miss the adder.
The adder is heavily wounded.
You feel sick. The adder bites you.
* * * LOW HITPOINT WARNING * * *
You are lethally poisoned!
The adder poisons you!
You barely miss the adder. You headbutt the adder.
The adder is severely wounded.
* * * LOW HITPOINT WARNING * * *
You feel sick. The adder bites you.
* * * LOW HITPOINT WARNING * * *
You are more poisoned.
The adder poisons you!
It was a potion of might.
You feel very mighty all of a sudden.
You die...

#. #.. ## . ####### #...
#.#.. #...... #...#
#####.#### #.#####
.....###........# #......
#......#..##.#..# #..#...
[......#..##....###..#.##
......rSp...##.........##
.#.#...#.!#.##..###......
#....#.........# ##.####
...<...#.......## #.....
......#######.## ######
##.### #.# #. #.# # #.#
#.#


You could see an adder and a quokka (heavy contam).

Vanquished Creatures
  A dart slug (D:1)
  An endoplasm (D:1)
  A giant cockroach (D:1)
  A goblin (D:1)
  A hobgoblin (D:1)
  A quokka (D:1)
  3 ball pythons (D:1)
  4 bats
  4 frilled lizards
  A kobold (D:1)
  2 rats (D:1)
20 creatures vanquished.

Notes
Turn   | Place    | Note
-------+----------+-------------------------------------------
     0 | D:1      | dacreux the Oni Shapeshifter began the quest for the Orb.
     0 | D:1      | Reached XP level 1. HP: 19/19 MP: 1/1
   149 | D:1      | Reached skill level 7 in Shapeshifting
   149 | D:1      | Reached XP level 2. HP: 27/27 MP: 2/2
   150 | D:1      | Reached skill level 10 in Shapeshifting
   150 | D:1      | Reached XP level 3. HP: 33/33 MP: 3/3
   808 | D:2      | HP: 1/33 [adder (2)]
   809 | D:2      | Succumbed to an adder's poison

Illustrated notes

Levels and vault maps discovered:
D:1:      ncdulo_smallfort, layout_loops_cross
D:2:      layout_loops_cross, ebering_ecumenical_altar_sacrificial

Skill      XL: |  1  2 |
---------------+-------+-----
Shapeshifting  | 7 10 | 10.4
Fighting       | |  1.3
Dodging        | |  1.9
Unarmed Combat | |  2.7

Action                     || total
---------------------------++-------
  Melee: Unarmed           ||    64
         Headbutt          ||    14
    Use: Potion            ||     3
 Armour: Animal skin       ||     3
         Skin              ||    27
  Dodge: Dodged            ||    42
   Form: Beast             ||     1
         Flux              ||     1

Table legend: (Time is in decaauts)
 A = Elapsed time spent in this place.
 B = Non-inter-level travel time spent in this place.
 C = Inter-level travel time spent in this place.
 D = Time resting spent in this place.
 E = Time spent auto-exploring this place.
 F = Levels seen in this place.
 G = Mean time per level.
                   A        B        C        D        E       F      G
               +--------+--------+--------+--------+--------+-----+--------+
         Total |    805 |    789 |     16 |      0 |    650 |   2 |  402.5 |
       Dungeon |    805 |    789 |     16 |      0 |    650 |   2 |  402.5 |
               +--------+--------+--------+--------+--------+-----+--------+

Top non-repeatable levels by time:
     D:1: 736 daAuts
     D:2: 68 daAuts
